AoeStats
← Twitch.tv/WES_XL

Lombardia

510004747Analyzed
4v4 RM · 3d ago on Sep 29, 2026· 59m 58s· 8 players
Game mode
Random Map
Map size
Large (8 player)
Population
200
Speed
Normal
Resources
Standard
Victory
Conquest
Starting age
Dark Age
Ending age
Imperial Age
RankedLock teamsTeams togetherTeam positionsShared explorationLock speedFull tech treeHidden civsTurbo modeCheats
Victory
Defeat
🇨🇴 Saxons · Colombia
1307
+16
🇲🇽 Persians · Mexico
1278
+17
🇲🇽 Hindustanis · Mexico
1261
+18
🇺🇸 Italians · United States
1261
+18
🇫🇷 Georgians · France
1364
-20
🇦🇹 Franks · Austria
1310
-18
🇫🇷 Berbers · France
1262
-16
🇫🇷 Varangians · France
1256
-15
Saymyname3451
5:37 Loom
9:21 Feudal Age
13:51 Wheelbarrow
14:09 Double-Bit Axe
16:17 Horse Collar
21:09 Castle Age
23:25 Scale Barding Armor
23:30 Forging
23:45 Bow Saw
25:38 Heavy Plow
25:34 Stone Mining
27:02 Chain Barding Armor
27:18 Iron Casting
27:07 Hand Cart
31:49 Imperial Age
31:20 Gold Mining
33:14 Plate Barding Armor
33:23 Fletching
35:02 Blast Furnace
36:14 Bodkin Arrow
37:23 Bracer
37:23 Murder Holes
38:26 Elite Monaspa
39:28 Conscription
41:44 Chemistry
41:06 Ballistics
40:57 Masonry
Yuanyuan8262
6:54 Loom
9:23 Feudal Age
10:35 Double-Bit Axe
10:32 Horse Collar
16:11 Wheelbarrow
18:04 Gold Mining
20:17 Castle Age
22:06 Light Cavalry
23:03 Bloodlines
23:10 Husbandry
23:25 Bow Saw
27:46 Scale Barding Armor
28:41 Forging
29:01 Stone Mining
30:27 Stone Shaft Mining
30:27 Gold Shaft Mining
31:48 Heavy Plow
32:53 Hand Cart
33:34 Chain Barding Armor
33:49 Iron Casting
33:31 Fletching
33:42 Padded Archer Armor
36:43 Imperial Age
34:19 Padded Archer Armor
35:48 Elite Skirmisher
36:50 Ballistics
36:27 Bodkin Arrow
37:30 Bracer
38:07 Plate Barding Armor
37:40 Thumb Ring
37:38 Bracer
37:56 Leather Archer Armor
38:43 Chemistry
37:19 Cavalier
40:42 Blast Furnace
41:01 Heavy Camel Rider
44:10 Maghrebi Camels
46:03 Elite Genitour
48:46 Murder Holes
49:02 Masonry
51:28 Elite Camel Archer
da.mighty.sloth
6:38 Loom
11:18 Feudal Age
16:03 Castle Age
15:09 Double-Bit Axe
17:06 Bow Saw
24:32 Wheelbarrow
26:19 Hand Cart
31:43 Imperial Age
29:46 Masonry
29:39 Scale Mail Armor
31:43 Chain Mail Armor
30:51 Ordonnance Companies
32:17 Forging
31:59 Fletching
32:35 Ballistics
32:17 Gold Mining
32:17 Stone Mining
31:53 Elite Throwing Axeman
33:42 Plate Mail Armor
33:26 Light Cavalry
34:07 Husbandry
34:15 Bodkin Arrow
36:35 Iron Casting
36:00 Padded Archer Armor
37:06 Chemistry
37:02 Conscription
38:56 Hoardings
40:59 Pikeman
41:39 Squires
41:25 Arson
ZyTeK 23
2:50 Loom
12:11 Feudal Age
18:35 Castle Age
17:56 Double-Bit Axe
21:41 Horse Collar
25:08 Bow Saw
24:55 Gold Mining
25:46 Stone Mining
27:13 Wheelbarrow
27:37 Heavy Plow
27:54 Bloodlines
30:06 Forging
30:03 Scale Barding Armor
35:56 Imperial Age
34:58 Iron Casting
34:49 Vendel Legacy
35:54 Husbandry
36:16 Chain Barding Armor
36:25 Squires
36:11 Gambesons
36:12 Arson
36:31 Scale Mail Armor
36:22 Fletching
36:04 Pikeman
36:46 Halberdier
41:13 Blast Furnace
40:30 Chain Mail Armor
39:59 Cavalier
42:37 Conscription
41:39 Elite Jarl
45:14 Plate Barding Armor
52:13 Plate Mail Armor
Sun Tzu
9:17 Loom
11:14 Feudal Age
15:37 Castle Age
13:25 Double-Bit Axe
13:21 Horse Collar
19:18 Bow Saw
24:44 Heavy Plow
25:41 Fletching
27:41 Wheelbarrow
26:52 Town Watch
29:25 Hand Cart
29:20 Bodkin Arrow
29:26 Padded Archer Armor
30:00 Ballistics
33:52 Imperial Age
32:06 Leather Archer Armor
32:54 Forging
32:44 Scale Mail Armor
34:49 Silk Road
34:09 Elite Genoese Crossbowman
34:51 Bracer
35:22 Ring Archer Armor
35:54 Chemistry
36:07 Conscription
37:52 Hoardings
37:30 Masonry
37:32 Fortified Wall
40:37 Two-Man Saw
43:12 Architecture
44:02 Treadmill Crane
49:22 Iron Casting
49:02 Chain Mail Armor
49:25 Squires
49:10 Arson
51:03 Blast Furnace
52:03 Plate Mail Armor
Twitch.tv/WES_XL
6:56 Loom
9:26 Feudal Age
10:17 Double-Bit Axe
10:14 Horse Collar
17:40 Wheelbarrow
22:17 Castle Age
20:12 Gold Mining
21:17 Bloodlines
23:09 Bow Saw
23:05 Heavy Plow
23:15 Husbandry
24:21 Scale Barding Armor
24:26 Forging
28:14 Iron Casting
30:22 Chain Barding Armor
31:52 Gold Shaft Mining
31:10 Stone Mining
36:11 Imperial Age
35:51 Cavalier
37:13 Plate Barding Armor
37:38 Blast Furnace
38:54 Savar
39:59 Caravan
40:53 Stone Shaft Mining
42:35 Hand Cart
SIN CLAN
10:34 Feudal Age
15:07 Castle Age
13:51 Double-Bit Axe
14:52 Horse Collar
16:36 Bow Saw
22:31 Wheelbarrow
23:41 Loom
25:43 Stone Mining
26:05 Forging
26:45 Town Watch
27:46 Bloodlines
27:37 Husbandry
27:44 Scale Barding Armor
27:48 Gold Mining
28:59 Chain Barding Armor
29:33 Heavy Plow
33:00 Imperial Age
30:49 Town Patrol
31:43 Gold Shaft Mining
31:26 Hand Cart
31:34 Hand Cart
33:03 Heavy Camel Rider
35:15 Plate Barding Armor
35:46 Iron Casting
35:24 Imperial Camel Rider
38:16 Blast Furnace
38:22 Fletching
40:55 Caravan
40:22 Light Cavalry
41:52 Ballistics
41:48 Grand Trunk Road
42:54 Conscription
47:55 Hussar
59:38 Coinage
jaimeerp
7:43 Loom
10:28 Feudal Age
11:02 Double-Bit Axe
16:59 Castle Age
15:20 Horse Collar
15:41 Stone Mining
17:26 Fletching
21:21 Bow Saw
23:33 Heavy Plow
24:32 Wheelbarrow
25:51 Gold Mining
26:42 Bodkin Arrow
28:38 Gold Shaft Mining
28:12 Padded Archer Armor
29:11 Hand Cart
29:31 Leather Archer Armor
29:58 Thumb Ring
30:37 Town Watch
30:33 Crossbowman
35:09 Imperial Age
33:12 Ballistics
33:24 Bloodlines
33:15 Husbandry
35:43 Masonry
35:47 Fortified Wall
35:26 Heavy Mounted Crossbowman
35:27 Cranequins
36:49 Bracer
37:19 Ring Archer Armor
38:28 Chemistry
38:41 Conscription
40:18 Architecture
41:00 Caravan
58:48 Siege Engineers
Connection lost

Rejoining the realm…

Still unreachable

The connection could not be restored.

Session expired

The server has moved on; the page needs a fresh start.